[Event "*** Titled Tuesday Blitz"]
[Site "Chess.com"]
[Date "2020.10.20"]
[Round "8"]
[White "Sharpchess22"]
[Black "Borsuk_Konstantin"]
[Result "1-0"]
[WhiteElo "2770"]
[BlackElo "2576"]
[TimeControl "180+1"]
[EndTime "11:35:31 PDT"]
[Termination "Sharpchess22 won by resignation"]

1. d4 Nf6 2. Nc3 d5 3. Bf4 Bf5 4. Nb5 Na6 5. e3 c6 6. Nc3 Nc7 7. Nf3 e6 8. a3 Bd6 9. Ne5 Ne4 10. Nxe4 Bxe4 11. Bg3 O-O 12. Bd3 f6 13. Nf3 Ne8 14.
O-O Bxg3 15. hxg3 Nd6 16. Qe2 Qe8 17. Nd2 Qg6 18. Bxe4 dxe4 19. Nc4 Nxc4 20. Qxc4 f5 21. a4 Rf6 22. Rfe1 Qg5 23. Ra3 Rh6 24. Rb3 Qh5 25. Kf1 Qh1+ 26. Ke2 Qxg2 27. Rxb7 Qf3+ 28. Kd2 Qxf2+ 29.
Re2 Qxg3 30. Qxc6 Rf8 31. Rxa7 Rg6 32. a5 h5 33. a6 h4 34. Ra8 h3 35. Rxf8+ Kxf8 36.
a7 1-0

[Event "*** Titled Tuesday Blitz"]
[Site "Chess.com"]
[Date "2020.10.20"]
[Round "8"]
[White "UKR_Master"]
[Black "MisiekZielony"]
[Result "1-0"]
[WhiteElo "2460"]
[BlackElo "2282"]
[TimeControl "180+1"]
[EndTime "11:35:31 PDT"]
[Termination "UKR_Master won on time"]

1. e4 Nf6 2. e5 Nd5 3. c4 Nb6 4. c5 Nd5 5. Nc3 c6 6. d4 d6 7.
cxd6 exd6 8. Nf3 Nxc3 9. bxc3 dxe5 10. Nxe5 Nd7 11. Nf3 Be7 12. Bd3 O-O 13. O-O b6 14. Re1 Bb7 15. Bc2 Re8 16. Qd3 Nf8 17. Ne5 Ng6 18.
Qf5 Bf6 19. h4 Bxe5 20. dxe5 Qc8 21. Qg5 h6 22. Qg3 Qe6 23. h5 Ne7 24. Bb3 Qf5 25. Bxh6 1-0

[Event "*** Titled Tuesday Blitz"]
[Site "Chess.com"]
[Date "2020.10.20"]
[Round "8"]
[White "NeverW84M8"]
[Black "Meri-Arabidze"]
[Result "0-1"]
[WhiteElo "2461"]
[BlackElo "2633"]
[TimeControl "180+1"]
[EndTime "11:35:32 PDT"]
[Termination "Meri-Arabidze won by resignation"]

1. Nf3 d5 2. b3 Nf6 3. Bb2 g6 4. c4 c6 5. e3 Bg7 6. Be2 O-O 7.
O-O Nbd7 8. d3 Re8 9. Nbd2 e5 10. cxd5 cxd5 11. e4 Nh5 12. Re1 Nf4 13. Bf1 Nb6 14. exd5 Qxd5 15. Nc4 Nxc4 16. dxc4 Qxd1 17. Raxd1 Bg4 18.
Re3 e4 19. Bxg7 Kxg7 20. Rd4 Nh3+ 21. gxh3 Bxf3 22. Bg2 Bxg2 23. Kxg2 f5 24. Rd7+ Kh6 25. Rxb7 f4 26. Re1 Re5 27. Rd1 e3 28. Rdd7 e2 29.
h4 Rh8 0-1

[Event "*** Titled Tuesday Blitz"]
[Site "Chess.com"]
[Date "2020.10.20"]
[Round "8"]
[White "platy3"]
[Black "QuintilianoR"]
[Result "1-0"]
[WhiteElo "2824"]
[BlackElo "2665"]
[TimeControl "180+1"]
[EndTime "11:35:35 PDT"]
[Termination "platy3 won by checkmate"]

1. c4 e6 2. g3 Nf6 3. Bg2 d5 4. Nf3 Be7 5. O-O O-O 6. d4 dxc4 7. Qc2 a6 8. a4 c5 9. Rd1 Nc6 10. dxc5 Nb4 11. Qd2 Qa5 12. Na3 Qxc5 13. Qd4 Bd7 14. Qxc5 Bxc5 15. Nxc4 Bc6 16. Be3 Bxe3 17. Nxe3 Rfd8 18.
Ne5 Bxg2 19. Kxg2 Rxd1 20. Rxd1 Rc8 21. N3c4 Nbd5 22. Nd6 Rc2 23. Kf3 Rxb2 24. Ndxf7 Ne4 25. Rd4 Ndc3 26. Rd8# 1-0

[Event "*** Titled Tuesday Blitz"]
[Site "Chess.com"]
[Date "2020.10.20"]
[Round "8"]
[White "11kevin"]
[Black "Fischerev7"]
[Result "1-0"]
[WhiteElo "2585"]
[BlackElo "2418"]
[TimeControl "180+1"]
[EndTime "11:35:35 PDT"]
[Termination "11kevin won by resignation"]

1. d4 Nf6 2. c4 e6 3. g3 Bb4+ 4. Bd2 a5 5. Bg2 O-O 6. Nf3 d5 7. Qc2 c5 8. dxc5 d4 9. O-O Nc6 10. Bg5 Bxc5 11. Nbd2 h6 12. Bxf6 Qxf6 13. Ne4 Qe7 14.
Rfd1 e5 15. Nxc5 Qxc5 16. Nd2 Bg4 17. Ne4 Qe7 18. h3 Bf5 19. Qa4 Rac8 20. Qb5 Bxe4 21.
Bxe4 f5 22. Bd5+ Kh8 23. a3 f4 24. Qb3 a4 25. Qd3 fxg3 26. fxg3 Rce8 27. Rf1 Rxf1+ 28. Rxf1 e4 29. Bxe4 Qxe4 30. Rf8+ Kh7 31. Rxe8 1-0

[Event "*** Titled Tuesday Blitz"]
[Site "Chess.com"]
[Date "2020.10.20"]
[Round "8"]
[White "albi1999"]
[Black "medalja"]
[Result "0-1"]
[WhiteElo "2576"]
[BlackElo "2430"]
[TimeControl "180+1"]
[EndTime "11:35:41 PDT"]
[Termination "medalja won by resignation"]

1. d4 Nf6 2. c4 e6 3. Nf3 d5 4. g3 Be7 5. Bg2 O-O 6. O-O dxc4 7. Qc2 b6 8. Bg5 Nd5 9. Bxe7 Qxe7 10. Ne5 Bb7 11.
Qxc4 c5 12. dxc5 Rc8 13. Nd3 Nd7 14. Na3 Nxc5 15. Nxc5 Rxc5 16. Qd4 Rac8 17. Rfd1 h6 18. Qd2 Qc7 19. b4 Rc6 20. Nb5 Qb8 21. Nd4 Rc4 22. a3 Nc3 23. Bxb7 Qxb7 24. Re1 Rd8 25. e3 e5 26. Qd3 Qd5 27. Rac1 exd4 28. exd4 Qxd4 29. Qf5 Ne2+ 30. Rxe2 Rxc1+ 31. Kg2 Qd5+ 32. Qxd5 Rxd5 0-1

[Event "*** Titled Tuesday Blitz"]
[Site "Chess.com"]
[Date "2020.10.20"]
[Round "8"]
[White "Skatchkov_V"]
[Black "AurumO"]
[Result "1-0"]
[WhiteElo "2498"]
[BlackElo "1977"]
[TimeControl "180+1"]
[EndTime "11:35:42 PDT"]
[Termination "Skatchkov_V won by resignation"]

1. d4 d5 2. c4 e6 3. Nf3 Nf6 4. g3 Be7 5. Bg2 O-O 6. O-O c5 7. cxd5 exd5 8. Nc3 Nc6 9. dxc5 Bxc5 10. b3 Be6 11. Bb2 h6 12. Rc1 Be7 13. e3 Qd7 14.
Qe2 Rfd8 15. Rfd1 Rac8 16. Nb5 a6 17. Nbd4 Ne4 18. Nxe6 Qxe6 19. Nd2 Bf6 20. Nxe4 Bxb2 21. Nc5 Qf6 22. Rc2 Be5 23. Nxb7 Re8 24. Qxa6 Nb4 25.
Qxf6 Bxf6 26. Rxc8 Rxc8 27. Bxd5 Nxd5 28. Rxd5 Rc1+ 29.
Kg2 Rc2 30. a4 Rb2 31. Nc5 Be7 32. a5 Bxc5 33. Rxc5 Rxb3 34. a6 Ra3 35. Rc8+ Kh7 36. Rc6 f6 37. Kf3 Ra4 38. Ke2 Ra2+ 39. Ke1 Ra1+ 40.
Kd2 Ra2+ 41. Kc3 Rxf2 42. Kb3 Rf1 43. Kb2 Rf5 44. a7 Ra5 45. Rc7 Kg6 46. Kb3 h5 47.
Kb4 Ra1 48. Kb5 Kf5 49. Rxg7 Ke4 50. Kb6 Kxe3 51. Kb7 Rb1+ 52. Kc8 Rc1+ 53. Kb8 Rb1+ 54. Rb7 Ra1 55. a8=Q Rxa8+ 56. Kxa8 Kf2 57. Rb5 Kg2 58.
Rxh5 f5 59. Rxf5 Kxh2 60. g4 Kg3 61. g5 Kg4 62. Rd5 Kh5 63. Kb7 Kg6 64. Kc6 1-0

[Event "*** Titled Tuesday Blitz"]
[Site "Chess.com"]
[Date "2020.10.20"]
[Round "8"]
[White "gliglu"]
[Black "pedromartinez91"]
[Result "1-0"]
[WhiteElo "2356"]
[BlackElo "2471"]
[TimeControl "180+1"]
[EndTime "11:35:47 PDT"]
[Termination "gliglu won on time"]

1. d4 a6 2. e4 h6 3. Nf3 e6 4.
Bd3 d5 5. e5 c5 6. c3 Nc6 7.
O-O Qb6 8. dxc5 Bxc5 9. b4 Bf8 10. a4 g5 11. h3 Bg7 12. Qe2 Nge7 13. Be3 Qc7 14.
Bd4 Ng6 15. Bxg6 fxg6 16. Nbd2 O-O 17. Nb3 Rf4 18. Nc5 Qf7 19. Rad1 a5 20. b5 Nxd4 21. Rxd4 b6 22. Nd3 Rf5 23. c4 Bf8 24. cxd5 exd5 25.
Rc1 Be6 26. Rc6 Rb8 27. Qc2 Re8 28. Nh2 h5 29. Rxb6 Bg7 30. Nf3 1-0

[Event "*** Titled Tuesday Blitz"]
[Site "Chess.com"]
[Date "2020.10.20"]
[Round "8"]
[White "Sashadav97"]
[Black "Alexander_Moskalenko"]
[Result "1-0"]
[WhiteElo "2678"]
[BlackElo "2890"]
[TimeControl "180+1"]
[EndTime "11:35:49 PDT"]
[Termination "Sashadav97 won by resignation"]

1. Nf3 d5 2. c4 c6 3. g3 Bg4 4. Bg2 Nd7 5. cxd5 cxd5 6. Qb3 e6 7. O-O Qb6 8. Qa4 Bxf3 9. Bxf3 Nf6 10. d4 Bd6 11.
Nc3 O-O 12. e3 Rfc8 13. Qd1 Rc7 14. Qd3 Rac8 15. Rb1 a6 16. Bd2 Qa7 17. Rfc1 b5 18.
Ne2 Nb6 19. Rxc7 Rxc7 20. Ba5 g6 21. b3 h5 22. Rc1 Qb7 23. Rxc7 Bxc7 24. Qc2 Na8 25.
Bd2 Nb6 26. Nc1 Nc8 27. Nd3 Nd6 28. Nc5 Qc6 29. Bd1 Nde4 30. Nxe4 Qxc2 31. Nxf6+ Kg7 32. Nxh5+ gxh5 33. Bxc2 f5 34. Bd3 Bd6 35. a4 bxa4 36.
bxa4 Bc7 37. Bxa6 Ba5 38. Bxa5 1-0

[Event "*** Titled Tuesday Blitz"]
[Site "Chess.com"]
[Date "2020.10.20"]
[Round "8"]
[White "MoreChessJulia"]
[Black "MIJuanReyesRosa"]
[Result "0-1"]
[WhiteElo "1979"]
[BlackElo "2102"]
[TimeControl "180+1"]
[EndTime "11:35:51 PDT"]
[Termination "MIJuanReyesRosa won by resignation"]

1. d4 d5 2. Bg5 g6 3. f4 Bg7 4. e3 c5 5. c3 Nf6 6. Nd2 O-O 7. Bd3 Nc6 8. h3 Qb6 9. Rb1 Bf5 10. Bxf5 gxf5 11. Ngf3 Ne4 12. Bh4 e6 13. O-O Rac8 14. Ng5 cxd4 15. Ndxe4 dxe4 16. exd4 h6 17. Qh5 hxg5 18. Bxg5 e5 19. fxe5 Nxe5 20. Rxf5 Ng6 21. Rbf1 Qxb2 22. Bc1 Qxc3 23. Rd5 Qc4 24. Rd7 Rcd8 25.
Rxb7 Qxd4+ 26. Kh1 e3 27. Bb2 Qd3 28. Rd1 Qxd1+ 29.
Qxd1 Rxd1+ 30. Kh2 Bxb2 0-1

[Event "*** Titled Tuesday Blitz"]
[Site "Chess.com"]
[Date "2020.10.20"]
[Round "8"]
[White "Mikasinski"]
[Black "Beca95"]
[Result "0-1"]
[WhiteElo "2582"]
[BlackElo "2904"]
[TimeControl "180+1"]
[EndTime "11:35:52 PDT"]
[Termination "Beca95 won by resignation"]

1. e4 c5 2. Nf3 e6 3. d4 cxd4 4.
Nxd4 a6 5. Be2 Qc7 6. O-O d6 7. Nc3 Nd7 8. f4 Ngf6 9. Be3 b5 10. Bf3 Bb7 11. a3 Be7 12. Kh1 h5 13. h3 h4 14. Qe2 Rb8 15. Rad1 g6 16. Bf2 e5 17. fxe5 Nxe5 18. Be3 Nh5 19. Bxh5 Rxh5 20. Nd5 Bxd5 21. exd5 Qc4 22. Qf2 f5 23. Ne6 Kf7 24. b3 Qc8 25. Bf4 Bf6 26. Bxe5 Bxe5 27. Qa7+ Kg8 28. Rfe1 Rh7 29.
Qf2 Qb7 30. Qf3 Rc8 31. Re2 Qe7 32. Nd4 Qg5 33. Nc6 Bg3 34. Ne7+ Rxe7 0-1

[Event "*** Titled Tuesday Blitz"]
[Site "Chess.com"]
[Date "2020.10.20"]
[Round "8"]
[White "Gerodot71"]
[Black "IwkooO"]
[Result "0-1"]
[WhiteElo "2455"]
[BlackElo "2629"]
[TimeControl "180+1"]
[EndTime "11:35:54 PDT"]
[Termination "IwkooO won on time"]

1. d4 Nf6 2. c4 e6 3. Nf3 b6 4. a3 Bb7 5. Nc3 g6 6. Qc2 Bg7 7. e4 d6 8. Bd3 O-O 9. h3 Nbd7 10. Be3 e5 11. d5 Nh5 12. g3 Nc5 13. Be2 a5 14.
Nd2 Bc8 15. Bxc5 bxc5 16. Bg4 f5 17. exf5 Bxf5 18. Bxf5 gxf5 19. g4 Nf4 20. gxf5 Ng2+ 21. Kf1 Nf4 22. h4 Qd7 23. Nde4 Rxf5 24. Rg1 Raf8 25.
Rg3 Rh5 26. Re1 Rxh4 27. Kg1 Qf5 28. Ree3 Qh5 29. Rxg7+ Kxg7 30. Ng3 Qg6 31. Qxg6+ hxg6 32. Nce4 Rb8 33. b3 Rb7 34. a4 Rh8 35. f3 Rh3 36. Kf2 Rb8 37. Re1 Rh2+ 0-1

[Event "*** Titled Tuesday Blitz"]
[Site "Chess.com"]
[Date "2020.10.20"]
[Round "8"]
[White "chenxiaoyuer"]
[Black "davigator"]
[Result "0-1"]
[WhiteElo "2499"]
[BlackElo "2366"]
[TimeControl "180+1"]
[EndTime "11:35:54 PDT"]
[Termination "davigator won on time"]

1. e4 c5 2. Nf3 Nc6 3. d4 cxd4 4. Nxd4 Nf6 5. Nc3 d6 6. Be2 Bd7 7. O-O a6 8. a4 e6 9. Be3 Be7 10. f4 O-O 11. Nb3 Na5 12. e5 Ne8 13. Ne4 Nxb3 14. cxb3 d5 15. Nc5 Bc6 16. b4 Nc7 17. Qd4 Re8 18.
Nb3 Rc8 19. Na5 Na8 20. b5 axb5 21. axb5 Bd7 22. Qa7 b6 23. Nc6 Bxc6 24. bxc6 d4 25.
Bf2 Bc5 26. Bd3 Qd5 27. Qd7 Red8 28. Qxd5 Rxd5 29. Ra7 Nc7 30. Rfa1 Rdd8 31. Rb7 Nd5 32. g3 Rxc6 33. Bb5 Rcc8 34. Raa7 Rf8 0-1

[Event "*** Titled Tuesday Blitz"]
[Site "Chess.com"]
[Date "2020.10.20"]
[Round "8"]
[White "sotochess"]
[Black "Euwe1234"]
[Result "1-0"]
[WhiteElo "2635"]
[BlackElo "2367"]
[TimeControl "180+1"]
[EndTime "11:35:55 PDT"]
[Termination "sotochess won by resignation"]

1. e4 c5 2. Nf3 Nc6 3. d4 cxd4 4. Nxd4 Nf6 5. Nc3 e5 6. Ndb5 d6 7. Bg5 a6 8. Na3 b5 9. Nd5 Be7 10. Bxf6 Bxf6 11. Nb1 O-O 12. a4 bxa4 13. Nd2 Rb8 14. Nc4 Bg5 15. Rxa4 a5 16. c3 Be6 17. Be2 Kh8 18. O-O f5 19. exf5 Bxf5 20. Bg4 Bg6 21.
Bf3 e4 22. Be2 Bf7 23. Kh1 Ne7 24. Nxe7 Bxe7 25. Nxa5 Rxb2 26. Rxe4 Bf6 27. Nc4 d5 28. Nxb2 dxe4 29. Qc2 Qc7 30. Qxe4 Qxc3 31. Nd1 Qd2 32. Bf3 Re8 33. Qa4 h6 34. Ne3 Rc8 35. h3 Bg6 36. Qg4 Rc1 37. Qxg6 Rxf1+ 38. Nxf1 Qxf2 39. Qe8+ 1-0

[Event "*** Titled Tuesday Blitz"]
[Site "Chess.com"]
[Date "2020.10.20"]
[Round "8"]
[White "zmeeed67"]
[Black "elohunter1999"]
[Result "0-1"]
[WhiteElo "2347"]
[BlackElo "2515"]
[TimeControl "180+1"]
[EndTime "11:35:55 PDT"]
[Termination "elohunter1999 won by resignation"]

1. e4 e5 2. Nf3 Nc6 3. c3 Nf6 4. d4 Nxe4 5. d5 Bc5 6. dxc6 Bxf2+ 7. Ke2 bxc6 8. Qa4 f5 9. Nbd2 O-O 10. Nxe4 fxe4 11.
Kxf2 exf3 12. g3 d5 13. Be3 Rb8 14. b3 Qf6 15. Qxa7 Qg6 16. Rc1 Bh3 17. Bxh3 Ra8 18.
Qxa8 Rxa8 19. a4 Re8 20. Rhe1 Qh5 21. Bf1 Qxh2+ 22. Kxf3 Rf8+ 23. Bf4 exf4 0-1

[Event "*** Titled Tuesday Blitz"]
[Site "Chess.com"]
[Date "2020.10.20"]
[Round "8"]
[White "avantage_ru"]
[Black "Jospem"]
[Result "0-1"]
[WhiteElo "2831"]
[BlackElo "2966"]
[TimeControl "180+1"]
[EndTime "11:35:57 PDT"]
[Termination "Jospem won by resignation"]

1. e4 c5 2. Nf3 d6 3. d4 cxd4 4.
Nxd4 a6 5. c4 e6 6. Nc3 Nf6 7.
Be2 Be7 8. O-O O-O 9. Be3 b6 10. f3 Bb7 11. Qd2 Nbd7 12. a4 Qb8 13. Rfc1 Rc8 14.
Bf1 Bd8 15. Kh1 Bc7 16. Bg1 h6 17. b4 Ne5 18. Nb3 Rd8 19. a5 bxa5 20. Nxa5 d5 21. cxd5 exd5 22. Nxb7 Qxb7 23. Nxd5 Nxd5 24. exd5 Ng6 25.
Qa2 Be5 26. Rab1 Rxd5 27. Rc5 Rd6 28. Bc4 Rad8 29. Qc2 Bd4 30. Bxd4 Rxd4 31. Qxg6 Rd1+ 32. Bf1 fxg6 0-1

[Event "*** Titled Tuesday Blitz"]
[Site "Chess.com"]
[Date "2020.10.20"]
[Round "8"]
[White "GiantThresher"]
[Black "Me_ch_an"]
[Result "1-0"]
[WhiteElo "2818"]
[BlackElo "2380"]
[TimeControl "180+1"]
[EndTime "11:35:57 PDT"]
[Termination "GiantThresher won on time"]

1. e4 c5 2. Nf3 Nc6 3. Bb5 Qc7 4.
O-O e6 5. Nc3 a6 6. Bxc6 Qxc6 7.
d4 cxd4 8. Nxd4 Qc7 9. Re1 d6 10.
Bf4 e5 11. Nd5 Qd8 12. Be3 exd4 13. Bxd4 Be6 14. Bb6 Qc8 15. Nc7+ Kd7 16. c4 Ne7 17. Qa4+ Nc6 18. Nxa8 Qxa8 19. Rad1 Be7 20. e5 Re8 21. Bc5 Kc8 22. exd6 Bd8 23. Qc2 g6 24. Qd3 Kd7 25.
Qf3 b6 26. Rxe6 Kxe6 27. Re1+ 1-0

[Event "*** Titled Tuesday Blitz"]
[Site "Chess.com"]
[Date "2020.10.20"]
[Round "8"]
[White "barbara25"]
[Black "sergeikim"]
[Result "0-1"]
[WhiteElo "2295"]
[BlackElo "2541"]
[TimeControl "180+1"]
[EndTime "11:35:57 PDT"]
[Termination "sergeikim won by resignation"]

1. e4 e5 2. Nf3 Nc6 3. Bb5 a6 4. Bxc6 dxc6 5. O-O f6 6. d4 exd4 7. Nxd4 Ne7 8. c4 Ng6 9. Nc3 Bb4 10. Be3 Bxc3 11.
bxc3 O-O 12. Qe2 Qe7 13. f3 Re8 14. Rfe1 Bd7 15. Rab1 b6 16. Rbd1 Rad8 17. c5 b5 18. c4 Ne5 19. cxb5 cxb5 20. Bf2 Nc4 21. a4 c6 22.
axb5 axb5 23. Kh1 Ra8 24. f4 Rec8 25. e5 fxe5 26. fxe5 Be6 27. Qf3 Bd5 28. Qg3 Rf8 29.
Bg1 Ra2 30. Nf3 Qe6 31. Bd4 Qg6 32. Qh3 Rxg2 33. Rf1 Rd2 34. Rg1 Rxd1 0-1

[Event "*** Titled Tuesday Blitz"]
[Site "Chess.com"]
[Date "2020.10.20"]
[Round "8"]
[White "grandcoach"]
[Black "Sueetin"]
[Result "0-1"]
[WhiteElo "2159"]
[BlackElo "2364"]
[TimeControl "180+1"]
[EndTime "11:35:58 PDT"]
[Termination "Sueetin won by resignation"]

1. e4 e6 2. Nf3 d5 3. e5 c5 4.
b4 b6 5. c3 Ne7 6. d4 Nec6 7.
a3 Bd7 8. Bd3 cxd4 9. cxd4 b5 10. Nbd2 a5 11. bxa5 Nxa5 12. O-O Nc4 13. Nb3 Be7 14. Nc5 Na6 15. Nxd7 Qxd7 16. a4 Nb4 17. Ba3 Nxd3 18. Bxe7 Qxe7 19. Qxd3 bxa4 20. Nd2 Nxd2 21. Rxa4 Rxa4 22. Qb5+ Qd7 23. Qb8+ Ke7 24. Qxh8 Nxf1 25. Qxg7 Kd8 26. Qf8+ Kc7 27. Qc5+ Qc6 28. Qe7+ Kb6 29. Qd8+ Qc7 0-1

[Event "*** Titled Tuesday Blitz"]
[Site "Chess.com"]
[Date "2020.10.20"]
[Round "8"]
[White "profofchess"]
[Black "capatl"]
[Result "0-1"]
[WhiteElo "2351"]
[BlackElo "2523"]
[TimeControl "180+1"]
[EndTime "11:36:00 PDT"]
[Termination "capatl won on time"]

1. e4 c5 2. Nf3 e6 3. c3 Nf6 4. Bd3 Nc6 5. Bc2 d5 6. e5 Nd7 7. d4 b6 8. O-O Ba6 9. Re1 cxd4 10. Nxd4 Nxd4 11. cxd4 Be7 12. Qg4 g6 13. Bh6 Rc8 14. Nc3 b5 15. Rac1 Qb6 16. h3 Rc4 17. Red1 Nxe5 18.
Qg3 Nc6 19. Bb3 Rxd4 20. Bxd5 Rxd1+ 21. Rxd1 b4 22. Ne4 Nd4 23. Kh1 exd5 24. Bg7 Nf5 25. Nf6+ Bxf6 26. Re1+ Kd7 0-1

[Event "*** Titled Tuesday Blitz"]
[Site "Chess.com"]
[Date "2020.10.20"]
[Round "8"]
[White "tdf98pantani"]
[Black "Ranindu2003"]
[Result "1-0"]
[WhiteElo "2723"]
[BlackElo "2550"]
[TimeControl "180+1"]
[EndTime "11:36:03 PDT"]
[Termination "tdf98pantani won by resignation"]

1. e4 e6 2. d4 d5 3. Nc3 Bb4 4. e5 c5 5. a3 Bxc3+ 6. bxc3 Ne7 7. Qg4 Qc7 8. Qxg7 Rg8 9. Qxh7 cxd4 10. Ne2 dxc3 11. f4 Nbc6 12. Rg1 Bd7 13. Be3 O-O-O 14.
Qd3 d4 15. Bf2 Be8 16. h4 Nd5 17. g3 f6 18. Nxd4 Nxd4 19. Qxd4 fxe5 20. Qxe5 Qc6 21. h5 Bf7 22. Bd3 Rh8 23. g4 Rdg8 24. Bd4 Rh6 25. Qe4 Qc7 26. Be5 Qb6 27. Rg2 Nf6 28. Qc4+ Qc6 29.
Qxc6+ bxc6 30. g5 Rxh5 31. Bxf6 Rh1+ 32. Bf1 e5 33. fxe5 Bc4 34. Kf2 Kd7 35. Bxc4 1-0

[Event "*** Titled Tuesday Blitz"]
[Site "Chess.com"]
[Date "2020.10.20"]
[Round "8"]
[White "MarkoPe"]
[Black "MaxLeto"]
[Result "1-0"]
[WhiteElo "2175"]
[BlackElo "2322"]
[TimeControl "180+1"]
[EndTime "11:36:03 PDT"]
[Termination "MarkoPe won on time"]

1. c4 e5 2. Nc3 Nf6 3. g3 d5 4. cxd5 Nxd5 5. Bg2 Nb6 6. Nf3 Nc6 7. O-O Be7 8. a3 g5 9. d3 g4 10. Nd2 h5 11.
Nc4 h4 12. Bxc6+ bxc6 13. Nxe5 hxg3 14. hxg3 Bd6 15. d4 Qf6 16. Ne4 Qf5 17. Qd3 Kf8 18. Bg5 Qh7 19. Bh4 Bf5 20. f3 Rd8 21.
Nxf7 Kxf7 22. fxg4 Ke6 23. gxf5+ Kf7 24. Ng5+ 1-0

[Event "*** Titled Tuesday Blitz"]
[Site "Chess.com"]
[Date "2020.10.20"]
[Round "8"]
[White "PauloCesarCosta_sad"]
[Black "catzapto"]
[Result "1-0"]
[WhiteElo "2268"]
[BlackElo "2139"]
[TimeControl "180+1"]
[EndTime "11:36:06 PDT"]
[Termination "PauloCesarCosta_sad won by resignation"]

1. Nf3 c5 2. c4 Nc6 3. g3 Nf6 4. Bg2 g6 5. d4 Bg7 6. O-O cxd4 7. Nxd4 Nxd4 8. Qxd4 O-O 9. Nc3 d6 10. Qd3 Rb8 11. Be3 b6 12. Bd4 Bb7 13. e4 Rc8 14.
Rac1 Nd7 15. Bxg7 Kxg7 16. Nd5 Ne5 17. Qd4 Kg8 18. f4 Nc6 19. Qd2 Na5 20. b3 Bxd5 21. cxd5 Qd7 22. e5 Rxc1 23. Rxc1 Rc8 24. e6 fxe6 25.
Bh3 Rxc1+ 26. Qxc1 Kg7 27. Bxe6 Qd8 28. Qc3+ Kh6 29. b4 Nb7 30. g4 a5 31. g5+ 1-0

[Event "*** Titled Tuesday Blitz"]
[Site "Chess.com"]
[Date "2020.10.20"]
[Round "8"]
[White "DenishevM"]
[Black "Chessmatus"]
[Result "0-1"]
[WhiteElo "2545"]
[BlackElo "2382"]
[TimeControl "180+1"]
[EndTime "11:36:08 PDT"]
[Termination "Chessmatus won by resignation"]

1. d4 Nf6 2. c4 g6 3. Nc3 d5 4. cxd5 Nxd5 5. e4 Nxc3 6. bxc3 Bg7 7. Nf3 c5 8. Be3 Bg4 9. Rc1 Qa5 10. Qd2 O-O 11.
d5 Nd7 12. Be2 c4 13. O-O Nc5 14. Qc2 Rac8 15. Bd4 Bxf3 16. gxf3 Bxd4 17. cxd4 Na4 18. Rb1 b5 19. Qc1 b4 20. Qh6 Nc3 21. Rb2 Nxa2 22. Ra1 b3 23. Bxc4 Qc3 24. Raxa2 bxa2 0-1

[Event "*** Titled Tuesday Blitz"]
[Site "Chess.com"]
[Date "2020.10.20"]
[Round "8"]
[White "Nara_Kh"]
[Black "Colombiano07"]
[Result "0-1"]
[WhiteElo "2376"]
[BlackElo "2235"]
[TimeControl "180+1"]
[EndTime "11:36:08 PDT"]
[Termination "Colombiano07 won by resignation"]

1. e4 e6 2. d4 d5 3. Nd2 c5 4. Ngf3 Nc6 5. exd5 Qxd5 6. Bc4 Qd7 7.
O-O cxd4 8. Nb3 Nf6 9. Nbxd4 Nxd4 10. Nxd4 a6 11. Re1 b5 12. Bb3 Bc5 13. c3 O-O 14.
Bg5 Bb7 15. Bxf6 gxf6 16. Qh5 Bxd4 17. cxd4 Qxd4 18. Rad1 Qf4 19. Bxe6 Qg5 20. Qxg5+ fxg5 21. Bf5 Rfd8 22. f3 Kg7 23. Kf2 h6 24. Rxd8 Rxd8 25. Re7 Bd5 26. Be4 Bxa2 27. Ke3 Kf6 28. Ra7 Rd6 29. g3 Be6 30. b4 Bc4 31. Bb7 Rd3+ 32. Kf2 Rb3 33. Rxa6+ Kg7 34. Bc6 Rxb4 35. Ke3 Rb3+ 36.
Kd4 Rb2 37. h4 gxh4 38. gxh4 Rh2 39. h5 Rxh5 40. Rb6 Rf5 41. Ke3 h5 42. Rb7 Rf6 43. Be4 h4 44. f4 h3 45. Kf3 h2 46. Kg3 Re6 47. Bh1 Re1 48. Kxh2 Rxh1+ 49. Kxh1 Bd5+ 50. Kg1 Bxb7 51. Kf2 f6 52. Ke3 Kg6 53. Kd4 Kf5 54. Kc5 Kxf4 0-1

[Event "*** Titled Tuesday Blitz"]
[Site "Chess.com"]
[Date "2020.10.20"]
[Round "8"]
[White "suyu28"]
[Black "Tooweak2slow03"]
[Result "0-1"]
[WhiteElo "2618"]
[BlackElo "2781"]
[TimeControl "180+1"]
[EndTime "11:36:10 PDT"]
[Termination "Tooweak2slow03 won on time"]

1. e4 e6 2. d4 d5 3. Bd3 dxe4 4. Bxe4 Nf6 5. Bf3 Nbd7 6. Ne2 Bd6 7. c4 c5 8. Nbc3 cxd4 9. Nxd4 Ne5 10. Ndb5 Bc5 11. Qxd8+ Kxd8 12. Be2 Ke7 13. Bf4 Ng6 14. Be3 Bxe3 15.
fxe3 Bd7 16. b3 a6 17. Nd4 Rac8 18. a4 Rhd8 19. O-O e5 20. Nf3 Bg4 21. h3 Bxf3 22. Bxf3 Rd3 23. Nd5+ Nxd5 24. Bxd5 f6 25. Bxb7 Rc7 26.
Bxa6 Rxb3 27. Rfe1 Nh4 28. Re2 Rd7 29. Bb5 Rdd3 30. a5 Ra3 31. Rea2 Rd1+ 32. Kh2 Rxa1 33. Rd2 R1a2 34. Rd7+ Ke6 35. Rxg7 Rxa5 36. Bd7+ Kd6 37.
Bc8 Rc2 38. Bb7 Raa2 39. Bd5 Nf5 40. Rxh7 Nxe3 41. Rg7 Nf1+ 42. Kg1 Ra1 0-1

[Event "*** Titled Tuesday Blitz"]
[Site "Chess.com"]
[Date "2020.10.20"]
[Round "8"]
[White "lacafi"]
[Black "sbouchet"]
[Result "0-1"]
[WhiteElo "2125"]
[BlackElo "2393"]
[TimeControl "180+1"]
[EndTime "11:36:10 PDT"]
[Termination "sbouchet won on time"]

1. d4 Nf6 2. Nf3 d6 3. e3 Nbd7 4. Be2 g6 5. b3 Bg7 6. Bb2 O-O 7.
O-O Re8 8. c4 c6 9. Nbd2 e5 10.
dxe5 dxe5 11. Qc2 Qc7 12. b4 a5 13. a3 e4 14. Nd4 h5 15. Rfd1 h4 16. Rac1 h3 17.
g3 Nf8 18. c5 N8h7 19. Nc4 axb4 20. axb4 Bg4 21. Nd6 Re7 22. Bxg4 Nxg4 23. Nxe4 Nhf6 24.
Nd6 Nd5 25. Qb3 Kh7 26. e4 Ndf6 27. f3 Ne5 28. f4 Neg4 29. Qf3 Ra2 30. Rc2 b6 31. e5 b5 32. exf6 Nxf6 33. f5 Nd5 34. f6 Bxf6 35. Ne4 Bg7 36. Ng5+ Kg8 37. Nxb5 cxb5 38.
Qxd5 Bxb2 39. Qd2 Qe5 40. Nf3 Qe4 0-1

[Event "*** Titled Tuesday Blitz"]
[Site "Chess.com"]
[Date "2020.10.20"]
[Round "8"]
[White "WPWPWP-2015"]
[Black "davidkalashian"]
[Result "0-1"]
[WhiteElo "2443"]
[BlackElo "2611"]
[TimeControl "180+1"]
[EndTime "11:36:11 PDT"]
[Termination "davidkalashian won on time"]

1. e4 c6 2. d4 g6 3. Nc3 Bg7 4.
Nf3 d6 5. h3 Nf6 6. Be2 O-O 7.
O-O Nbd7 8. a4 e5 9. Be3 Qe7 10. dxe5 dxe5 11. a5 Nc5 12. Nd2 Rd8 13. Qe1 Ne6 14. Kh2 Nd4 15. Bd3 Nd7 16. Nc4 Nc5 17. Qb1 Be6 18. Rd1 Rd7 19. b4 Nxd3 20. cxd3 Rad8 21.
Na4 Nb5 22. Qc2 Nd4 23. Qb2 Bxc4 24. Nc5 Bb5 25. Nxd7 Rxd7 26. Rac1 h5 27. Rd2 Qe6 28. Rcd1 Bf8 29. f3 a6 30. Rf2 Qe7 31. Bd2 Bxd3 32.
Bc3 Bb5 33. Rfd2 Bh6 0-1

[Event "*** Titled Tuesday Blitz"]
[Site "Chess.com"]
[Date "2020.10.20"]
[Round "8"]
[White "vaishali2001"]
[Black "teacher4chess"]
[Result "1-0"]
[WhiteElo "2563"]
[BlackElo "2062"]
[TimeControl "180+1"]
[EndTime "11:36:11 PDT"]
[Termination "vaishali2001 won by checkmate"]

1. e4 Nf6 2. e5 Nd5 3. d4 Nb6 4. Nf3 d5 5. Bd3 Bg4 6. h3 Bxf3 7. Qxf3 e6 8. O-O c5 9. c3 Nc6 10. Be3 Na4 11. Qe2 c4 12. Bc2 Nxb2 13. f4 b5 14.
f5 exf5 15. Bxf5 Na4 16. e6 Bd6 17. exf7+ Kf8 18. Be6 Qh4 19. Bxd5 Qg3 20. Rf3 Qh2+ 21. Kf2 Nb6 22. Bxc6 h5 23. Bf4 Bxf4 24. Qe8+ Rxe8 25. fxe8=Q# 1-0